 Dungeon Crawl Stone Soup version 0.19.0-19-g8c6edcc (webtiles) character file.

2944 Milesaru the Cleaver (level 9, 0/81 HPs)
             Began as a Minotaur Berserker on Nov 14, 2016.
             Was an Elder of Trog.
             Killed from afar by an electric eel (9 damage)
             ... with a bolt of electricity
             ... on level 9 of the Dungeon.
             The game lasted 00:20:45 (6106 turns).

Milesaru the Cleaver (Minotaur Berserker)           Turns: 6106, Time: 00:20:46

Health: 0/81       AC: 17    Str: 24    XL:     9   Next: 51%
Magic:  8/8        EV: 15    Int:  4    God:    Trog [****..]
Gold:   447        SH:  0    Dex: 13    Spells: 0 memorised, 8 levels left

rFire  . . .     SeeInvis .     u - +2 hand axe (venom)
rCold  . . .     Gourm    .     m - +0 chain mail
rNeg   . . .     Faith    .     (no shield)
rPois  .         Spirit   .     F - +1 hat
rElec  .         Reflect  .     y - +2 cloak
rCorr  .         Harm     .     f - +1 pair of gloves
MR     .....                    (no boots)
Stlth  ..........               (no amulet)
                                H - +2 ring of strength
                                l - +3 ring of evasion

@: no status effects
A: retaliatory headbutt, horns 2
a: Berserk, Trog's Hand, Brothers in Arms, Burn Spellbooks, Renounce Religion


You were on level 9 of the Dungeon.
You worshipped Trog.
Trog was greatly pleased with you.
You were not hungry.

You visited 1 branch of the dungeon, and saw 9 of its levels.

You collected 447 gold pieces.

Inventory:

Hand Weapons
 a - a +0 hand axe
 r - a +1 war axe of venom
 u - a +2 hand axe of venom (weapon)
Missiles
 b - a throwing net
 s - 2 javelins (quivered)
Armour
 f - a +1 pair of gloves (worn)
 m - a +0 chain mail (worn)
 y - a +2 cloak (worn)
 F - a +1 hat (worn)
Jewellery
 k - an uncursed ring of magical power
 l - a +3 ring of evasion (left hand)
 x - an uncursed ring of flight
 H - a +2 ring of strength (right hand)
Wands
 C - a wand of slowing (37/48)
 J - a wand of iceblast (2/15)
 K - a wand of iceblast (2/15)
Scrolls
 e - 2 scrolls of blinking
 g - 4 scrolls of teleportation
 n - 7 scrolls of remove curse
 q - 5 scrolls of recharging
 D - a scroll of enchant armour
 L - a scroll of fear {unknown}
 M - a scroll of identify
Potions
 d - 2 potions of agility
 h - 2 potions of mutation
 i - 4 potions of haste
 j - 2 potions of flight {unknown}
 o - 4 potions of curing
 p - 5 potions of brilliance
 t - 5 potions of lignification
 w - a potion of degeneration {unknown}
 A - a potion of cancellation {unknown}
 E - 2 potions of heal wounds {unknown}
 I - a potion of might {unknown}
Books
 G - a book of Conjurations

   Spells                             Type                      Level
   a - Magic Dart                     Conjuration                  1
   b - Searing Ray                    Conjuration                  2
   c - Dazzling Spray                 Conjuration/Hexes            3
   d - Fulminant Prism                Conjuration/Hexes            4
   e - Iskenderun's Mystic Blast      Conjuration                  4
   f - Iskenderun's Battlesphere      Conjuration/Charms           5
   Trog disapproves of the use of such an item.
Comestibles
 c - 5 bread rations
 v - a slice of pizza
 z - a beef jerky
 B - a meat ration


   Skills:
 + Level 8.2 Fighting
 * Level 10.4 Axes
 + Level 7.5 Armour
 + Level 6.8 Dodging


You had 8 spell levels left.
You didn't know any spells.

Dungeon Overview and Level Annotations

Branches:
Dungeon (9/15)             Temple (0/1) D:7
   Lair: D:8-11         Orc: D:9-12

Altars:
Elyvilon
Gozag
Nemelex Xobeh
Okawaru
Sif Muna
Uskayaw
Xom
The Shining One


Innate Abilities, Weirdness & Mutations

You reflexively headbutt those who attack you in melee.
You have a pair of horns on your head.


Message History

The electric eel shoots out a bolt of lightning at you!
The bolt of electricity hits you! x2
The bolt of electricity hits the electric eel.
The electric eel completely resists.
An electric eel comes into view.
The electric eel shoots out a bolt of lightning at you!
The bolt of electricity hits you!
The electric eel shoots out a bolt of lightning at you!
The bolt of electricity hits you! x2
* * * LOW HITPOINT WARNING * * *
The bolt of electricity hits the electric eel.
The electric eel completely resists.
Things that are here:
3 stones; a kobold skeleton The electric eel shoots out a bolt of lightning at you!
The bolt of electricity hits you!
* * * LOW HITPOINT WARNING * * *
The electric eel shoots out a bolt of lightning at you!
The bolt of electricity hits you!
You die...

#. #.# ####.#######.≈
#...........≈≈ #.
#.##.#@# ≈≈≈
#.#########.##.#.# ≈;≈≈
≈.#.....#...##.#.# ≈≈≈;≈
≈≈#.###.#...##).(#≈≈≈≈≈≈
≈≈≈.#...#....()#.;;;≈≈≈≈
≈≈≈≈#.####..##.###≈≈≈≈≈≈
≈≈≈≈.(.(....##.# #≈≈≈≈≈
≈≈≈≈#.......##.# #≈≈≈≈
≈≈≈≈##########.# #≈≈≈


You could see an electric eel.

Vanquished Creatures
  The ghost of Endymion the Thaumaturge, a novice DESu (D:9)
  Sigmund (D:6)
  A sky beast (D:7)
  An ice beast (D:9)
  A phantom (D:3)
  2 black bears (D:9)
  2 ogres
  A centaur (D:5)
  2 bullfrogs (D:8)
  A big kobold (D:9)
  3 scorpions
  7 wights (D:8)
  2 howler monkeys (D:5)
  2 electric eels (D:9)
  A crimson imp (D:8)
  2 orc priests
  A bullfrog skeleton (D:5)
  3 hounds
  2 jellies
  3 iguanas
  4 orc wizards
  4 worker ants
  A hound skeleton (D:6)
  Robin (D:2)
  11 gnolls
  8 adders
  A shadow imp (D:7)
  An adder skeleton (D:9)
  A dart slug (D:2)
  3 leopard geckos
  29 orcs
  2 ball pythons
  3 giant cockroaches
  10 goblins
  10 hobgoblins
  2 jackals (D:7)
  10 kobolds
  2 quokkas
  6 bats
  8 frilled lizards
  A jackal skeleton (D:6)
  A leopard gecko skeleton (D:8)
  7 rats
165 creatures vanquished.

Vanquished Creatures (others)
  A kobold (D:9)
1 creature vanquished.

Grand Total: 166 creatures vanquished

Notes
Turn   | Place    | Note
-------+----------+-------------------------------------------
     0 | D:1      | Milesaru the Minotaur Berserker began the quest for the Orb.
     0 | D:1      | Reached XP level 1. HP: 19/19 MP: 0/0
   207 | D:1      | Reached skill level 4 in Axes
   223 | D:1      | Reached XP level 2. HP: 16/27 MP: 1/1
   573 | D:2      | Noticed Robin
   589 | D:2      | Reached XP level 3. HP: 25/33 MP: 2/2
   592 | D:2      | Reached ** piety under Trog
   600 | D:2      | Killed Robin
   795 | D:2      | Reached XP level 4. HP: 30/40 MP: 3/3
  1137 | D:2      | Reached skill level 5 in Axes
  1455 | D:2      | Found a sparkling altar of Nemelex Xobeh.
  1460 | D:2      | Reached XP level 5. HP: 38/47 MP: 4/4
  1874 | D:3      | Found a glowing golden altar of the Shining One.
  2166 | D:3      | Noticed a phantom
  2183 | D:3      | Killed a phantom
  2183 | D:3      | Reached skill level 5 in Fighting
  2183 | D:3      | Reached XP level 6. HP: 38/56 MP: 5/5
  2540 | D:4      | Reached *** piety under Trog
  2540 | D:4      | Reached skill level 6 in Axes
  2741 | D:4      | Reached XP level 7. HP: 61/61 MP: 6/6
  3062 | D:5      | Entered Level 5 of the Dungeon
  3188 | D:5      | Reached skill level 7 in Axes
  3188 | D:5      | Reached skill level 5 in Armour
  3312 | D:5      | Found an iron altar of Okawaru.
  4222 | D:6      | Reached skill level 5 in Dodging
  4222 | D:6      | Reached XP level 8. HP: 67/71 MP: 7/7
  4246 | D:6      | Found a shimmering altar of Xom.
  4248 | D:6      | Found a sparkling altar of Nemelex Xobeh.
  4248 | D:6      | Found a hide-covered altar of Uskayaw.
  4250 | D:6      | Found a shimmering altar of Xom.
  4250 | D:6      | Found a white marble altar of Elyvilon.
  4250 | D:6      | Found a shimmering altar of Xom.
  4404 | D:6      | Noticed a dagger
  4405 | D:6      | Found a hide-covered altar of Uskayaw.
  4406 | D:6      | Noticed a dagger
  4407 | D:6      | Noticed Sigmund
  4418 | D:6      | Killed Sigmund
  4418 | D:6      | Reached skill level 8 in Axes
  4571 | D:7      | Found a staircase to the Ecumenical Temple.
  4760 | D:7      | Found a sparkling altar of Nemelex Xobeh.
  4765 | D:7      | Found an opulent altar of Gozag.
  5054 | D:8      | Reached **** piety under Trog
  5093 | D:8      | Reached skill level 9 in Axes
  5390 | D:8      | Found a deep blue altar of Sif Muna.
  5542 | D:8      | Reached XP level 9. HP: 76/79 MP: 8/8
  5678 | D:9      | Noticed Endymion's ghost (novice DESu)
  5696 | D:9      | Killed Endymion's ghost
  5696 | D:9      | Reached skill level 10 in Axes
  6106 | D:9      | Killed from afar by an electric eel

Skill      XL: |  1  2  3  4  5  6  7  8  9 |
---------------+----------------------------+-----
Axes           | 4 5 6 7 9 10 | 10.4
Fighting       | 4 5 6 7 8 |  8.2
Armour         | 3 4 5 6 7 |  7.5
Dodging        | 3 4 5 6 |  6.8

Action                   |  1- 3 |  4- 6 |  7- 9 || total
-------------------------+-------+-------+-------++-------
Melee: Hand axe          |    85 |   121 |   247 ||   453
       Headbutt          |    10 |    21 |    54 ||    85
Throw: Stone             |       |     5 |       ||     5
       Javelin           |       |       |     6 ||     6
       Throwing net      |       |       |     1 ||     1
Invok: Berserk           |       |     2 |       ||     2
       Trog's Hand       |       |     1 |       ||     1
  Use: Scroll            |       |     9 |     4 ||    13
  Eat: Pizza             |       |     3 |       ||     3
       Beef jerky        |       |     1 |       ||     1
       Bread ration      |       |     1 |       ||     1
       Meat ration       |       |       |     2 ||     2
Armor: Animal skin       |     4 |       |       ||     4
       Ring mail         |    15 |    13 |       ||    28
       Scale mail        |       |     5 |       ||     5
       Chain mail        |       |     1 |    88 ||    89
Dodge: Dodged            |    58 |    82 |   126 ||   266
